 Dungeon Crawl Stone Soup version 0.27.1-33-g824d729ab1 (webtiles) character file.

Game seed: 4375525122903610715

1989 solopath the Insei (level 9, -9/62 HPs)
             Began as an Octopode Transmuter on Dec 6, 2021.
             Splashed by an acid dragon's acid (14 damage)
             ... on level 6 of the Dungeon.
             The game lasted 00:14:00 (7335 turns).

solopath the Insei (Octopode Transmuter)            Turns: 7335, Time: 00:14:00

Health: -9/62      AC: -2    Str:  9    XL:     9   Next: 21%
Magic:  8/12       EV: 26    Int: 18    God:
Gold:   248        SH:  5    Dex: 18    Spells: 2/12 levels left

rFire    + . .     SeeInvis .     - Unarmed
rCold    . . .     Faith    .   (shield currently unavailable)
rNeg     . . .     Spirit   .   (helmet currently unavailable)
rPois    x         Reflect  +   b - amulet of reflection
rElec    .         Harm     .   a - +4 ring of evasion
rCorr    .         Rampage  .   p - ring of protection from fire
Will     .....                  (no ring)
Stlth    ++........             (no ring)
HPRegen  0.20/turn              (no ring)
MPRegen  0.13/turn              (no ring)
                                (no ring)
                                (no ring)

@: spider-form, corroded, very slightly contaminated
A: venomous fangs, almost no armour, (amphibious), 8 rings, tiny, (camouflage
1), (gelatinous body 1), (nimble swimmer 1), (tentacles)
a: End Transformation


You were on level 6 of the Dungeon.
You were a venomous arachnid creature.
You visited 2 branches of the dungeon, and saw 7 of its levels.

You collected 248 gold pieces.

Inventory:

Missiles
 i - 8 javelins
Jewellery
 a - a +4 ring of evasion (left front leg)
 b - an amulet of reflection (around neck)
 p - a ring of protection from fire (right front leg)
Scrolls
 c - 2 scrolls of teleportation
 f - a scroll of vulnerability {unknown}
 g - a scroll of enchant armour
 j - a scroll of brand weapon {unknown}
 k - a scroll of torment {unknown}
 l - 4 scrolls of identify
 n - a scroll of fog
 q - a scroll of amnesia {unknown}
Potions
 d - 3 potions of lignification
 e - 2 potions of curing
 h - 2 potions of magic
 o - a potion of haste {unknown}
 r - a potion of brilliance {unknown}


   Skills:
 - Level 6.0 Fighting
 - Level 4.6 Dodging
 - Level 2.0 Stealth
 * Level 6.8 Unarmed Combat
 - Level 2.0 Spellcasting
 + Level 6.1 Transmutations
 + Level 0.1 Ice Magic
 - Level 3.3 Poison Magic


You had 2 spell levels left.
You knew the following spells:

 Your Spells              Type           Power      Damage    Failure   Level
a - Beastly Appendage     Tmut           46%        N/A       7%          1
b - Spider Form           Tmut/Pois      9%         N/A       21%         3
c - Animate Skeleton      Necr           2%         N/A       38%         1
d - Summon Small Mammal   Summ           4%         N/A       38%         1
e - Ice Form              Ice/Tmut       13%        N/A       67%         4

Your spell library contained the following spells:

 Spells                   Type           Power      Damage    Failure   Level
 Wereblood                Tmut           23%        N/A       9%          2
 Apportation              Tloc           2%         N/A       38%         1
 Corona                   Hex            1%         N/A       38%         1
 Pain                     Necr           4%         1d4       38%         1
 Ensorcelled Hibernation  Hex/Ice        4%         N/A       47%         2
 Sublimation of Blood     Necr           0%         N/A       47%         2
 Frozen Ramparts          Ice            4%         1d2       67%         3
 Petrify                  Tmut/Erth      12%        N/A       67%         4
 Gell's Gravitas          Tloc           0%         N/A       69%         3
 Teleport Other           Tloc           1%         N/A       69%         3
 Vampiric Draining        Necr           0%         2d6       69%         3
 Irradiate                Conj/Tmut      6%         3d15      93%         5
 Summon Ice Beast         Ice/Summ       2%         N/A       95%         4
 Dispersal                Tloc           0%         N/A       100%        6
 Shadow Creatures         Summ           N/A        N/A       100%        6


Dungeon Overview and Level Annotations

Branches:
Dungeon (6/15)             Temple (1/1) D:5

Altars:
Ashenzari
Cheibriados
Dithmenos
Fedhas
Hepliaklqana
Makhleb
Nemelex Xobeh
Okawaru
Qazlal
Sif Muna
Trog
Vehumet
Wu Jian
Xom

Shops:
D:2 (   D:4 =

Annotations:
D:2 1 runed translucent door, Crazy Yiuf


Innate Abilities, Weirdness & Mutations

You are a venomous arachnid creature.
You have poisonous fangs.
You are tiny and dextrous.
Your spellcasting is less reliable in this form.
Your armour is entirely melded.
You are incapable of wielding weapons or throwing items.
You cannot wear most types of armour.
((You are amphibious.))
You can wear up to eight rings at the same time.
((Your skin changes colour to match your surroundings (Stealth+).))
((Your rubbery body absorbs attacks. (AC +1, EV +1)))
((You are camouflaged near water. (Stealth+)))
((You have tentacles for arms and can constrict up to eight enemies at once.))


Message History

Unknown command.
An acid dragon comes into view.
The gnoll shouts!
The orc shouts!
The gnoll shouts!
Casting: Spider Form (dangerous; 8% risk of failure)
Confirm with . or Enter, or press ? or * to list all spells.
You turn into a venomous arachnid creature.
Unknown command.
You hit the gnoll.
The gnoll is moderately wounded.
The gnoll hits you with a +0 whip.
You hit the gnoll but do no damage.
The gnoll is moderately wounded.
The gnoll misses you.
You bite the gnoll!
You kill the gnoll!
You bite the orc!
The orc is poisoned.
The orc is almost dead.
You kill the orc!
The acid dragon bites you. The acid dragon closely misses you.
Items here: )) [ †.
You hit the acid dragon but do no damage.
The acid dragon completely misses you. You block the acid dragon's attack.
You barely miss the acid dragon. The acid dragon spits acid at you.
The splash of acid hits you!!
You are splashed with acid!
The acid dragon spits acid at you. The splash of acid hits you!
* * * LOW HITPOINT WARNING * * *
You are splashed with acid!
* * * LOW HITPOINT WARNING * * *
You feel much better. The acid dragon spits acid at you.
The splash of acid hits you! The acid corrodes you!
You are splashed with acid!
* * * LOW HITPOINT WARNING * * *
You hear an angry hiss.
The acid dragon spits acid at you. The splash of acid hits you!
* * * LOW HITPOINT WARNING * * *
You are splashed with acid!
You die...

##... ## #.....###### #.
#.....g)...# ##.
#.....####.# ##########..
##... #g# #........... ##.
#g# #.########.. # #.#
##...######..
##g########..#.÷)...#..
#..D..s........#.#.....
#............#..<...#.....
#.##.######.###.......##..
# #. #...........##.. #.
######.......... ..
####.##...#.# #.
#......)###.. .. #.##.##.#
#.. # #.##.####


You could see an acid dragon (catching breath) and a gnoll.

Vanquished Creatures
  Grinder (D:5)
  Sigmund (D:4)
  Eustachio (D:4)
  Edmund (D:4)
  A water moccasin (D:5)
  2 ogres (D:6)
  2 necrophages (D:5)
  A phantom (D:4)
  A centaur (D:5)
  A kobold brigand (D:5)
  2 scorpions (D:5)
  A jelly (D:4)
  3 hounds (D:4)
  A gnoll shaman (D:5)
  2 orc priests
  3 centaur skeletons
  Terence (D:3)
  2 orc wizards
  An iguana (D:4)
  A hound skeleton (D:5)
  Robin (D:2)
  6 adders
  4 gnolls
  A white imp (D:5)
  3 ufetubi
  2 worms
  2 dart slugs
  8 orcs
  6 ball pythons
  8 endoplasms
  A giant cockroach (D:1)
  19 goblins
  7 hobgoblins
  7 jackals
  5 quokkas
  3 bats
  2 frilled lizards (D:1)
  13 kobolds
  4 rats
131 creatures vanquished.

Vanquished Creatures (collateral kills)
  An adder skeleton (D:4)
  A ball python (D:3)
2 creatures vanquished.

Grand Total: 133 creatures vanquished

Notes
Turn   | Place    | Note
-------+----------+-------------------------------------------
     0 | D:1      | solopath the Octopode Transmuter began the quest for the
                  | Orb.
     0 | D:1      | Reached XP level 1. HP: 13/13 MP: 3/3
     1 | D:1      | Noticed an electric eel
   344 | D:1      | Reached skill level 1 in Stealth
   348 | D:1      | Reached XP level 2. HP: 10/18 MP: 5/5
   651 | D:1      | Found a faded altar of an unknown god.
  1210 | D:2      | Reached XP level 3. HP: 21/23 MP: 6/6
  1300 | D:2      | Found Qimuh's Weapon Shoppe.
  1511 | D:2      | Found a runed translucent door.
  1512 | D:2      | Noticed Crazy Yiuf
  1652 | D:2      | Reached XP level 4. HP: 16/28 MP: 7/7
  1994 | D:2      | Noticed Robin
  1998 | D:2      | Killed Robin
  2118 | D:2      | Learned a level 3 spell: Spider Form
  2547 | D:3      | Noticed Terence
  2622 | D:3      | Learned a level 1 spell: Animate Skeleton
  2624 | D:3      | Learned a level 1 spell: Summon Small Mammal
  2654 | D:3      | Killed Terence
  2860 | D:3      | Reached XP level 5. HP: 33/33 MP: 6/8
  3042 | D:3      | Reached skill level 5 in Unarmed Combat
  3961 | D:4      | Reached XP level 6. HP: 29/39 MP: 9/9
  4451 | D:4      | Noticed Eustachio
  4740 | D:4      | Killed Eustachio
  4873 | D:4      | Reached XP level 7. HP: 39/46 MP: 10/10
  5031 | D:4      | Found Uterrumykk's Jewellery Boutique.
  5170 | D:4      | Noticed Edmund
  5195 | D:4      | Killed Edmund
  5291 | D:4      | Noticed Sigmund
  5295 | D:4      | Gained mutation: You are resistant to electric shocks.
                  | (rElec) [potion of mutation]
  5295 | D:4      | Lost mutation: You are resistant to electric shocks.
                  | (rElec) [potion of mutation]
  5304 | D:4      | Killed Sigmund
  5391 | D:4      | Found an iron altar of Okawaru.
  5526 | D:4      | Reached XP level 8. HP: 54/54 MP: 11/11
  5527 | D:4      | Reached skill level 5 in Fighting
  5708 | D:5      | Entered Level 5 of the Dungeon
  5925 | D:5      | Found a staircase to the Ecumenical Temple.
  5939 | Temple   | Entered the Ecumenical Temple
  6090 | D:5      | Noticed Grinder
  6098 | D:5      | Paralysed by Grinder for 7 turns
  6110 | D:5      | Killed Grinder
  6111 | D:5      | Reached skill level 5 in Transmutations
  6304 | D:5      | Learned a level 4 spell: Ice Form
  6312 | D:5      | Reached skill level 1 in Poison Magic
  6587 | D:5      | Reached XP level 9. HP: 60/62 MP: 7/12
  7335 | D:6      | Splashed by an acid dragon's acid

Illustrated notes

Levels and vault maps discovered:
D:1:      arrival_aquarium_a, layout_basic, chequers_ecumenical_altar_grove
D:2:      layout_basic, serial_shops, nicolae_shop_window_shopping,
          uniq_crazy_yiuf_cottage, uniq_robin
D:3:      layout_basic, minivault_24, uniq_terence
D:4:      minmay_razor_zed, layout_cave_pools, kennysheep_okawaru_gauntlet,
          nicolae_stop_n_shop_2, sigmund_edmund_badplayer, uniq_eustachio
D:5:      layout_loops_ring, minmay_temple_entry_sparse_star,
          minmay_misc_feat_diagonals, chequers_serial_rivers_micro_b,
          fountainhead, serial_bayou_pond_e, kennysheep_generic_room_4,
          uniq_grinder
D:6:      layout_loops_ring
Temple:   cyrus_circular_temple

Skill      XL: |  1  2  3  4  5  6  7  8  9 |
---------------+----------------------------+-----
Stealth        | 1 2 |  2.0
Unarmed Combat | 4 5 6 |  6.8
Transmutations | 3 4 5 6 |  6.1
Fighting       | 2 3 4 6 |  6.0
Dodging        | 3 4 |  4.6
Poison Magic   | 2 3 |  3.3
Spellcasting   | |  2.0
Ice Magic      | |  0.1

Action                   |  1- 3 |  4- 6 |  7- 9 || total
-------------------------+-------+-------+-------++-------
Melee: Unarmed           |    84 |   153 |   185 ||   422
       Constrict         |    17 |    34 |    18 ||    69
       Tentacles         |     7 |    19 |    14 ||    40
       Kick              |     1 |    18 |     2 ||    21
       Punch             |     1 |     4 |     2 ||     7
Throw: Javelin           |       |     6 |     5 ||    11
 Cast: Beastly Appendage |     1 |     7 |     2 ||    10
       Summon Small Mamm |       |     8 |     4 ||    12
       Animate Skeleton  |       |     2 |       ||     2
       Spider Form       |       |     3 |    11 ||    14
       Ice Form          |       |       |     1 ||     1
  Use: Potion            |       |     2 |     5 ||     7
       Scroll            |       |       |     7 ||     7
 Stab: Sleeping          |     7 |    11 |     4 ||    22
       Invisible         |       |       |     1 ||     1
Armor: Skin              |     1 |     7 |     4 ||    12
Dodge: Dodged            |    68 |   139 |   155 ||   362
Block: Other             |       |       |    46 ||    46
       Reflection        |       |       |     3 ||     3
